AoeStats
← Doongus

Black Forest

505330211Analyzed
2v2 RM · 25d ago on Sep 8, 2026· 105m 9s· 4 players
Game mode
Random Map
Map size
Medium (4 player)
Population
200
Speed
Normal
Resources
Standard
Victory
Conquest
Starting age
Dark Age
Ending age
Imperial Age
RankedLock teamsTeams togetherTeam positionsShared explorationLock speedFull tech treeHidden civsTurbo modeCheats
Victory
Defeat
🇺🇸 Khitans · United States
802
+10
🇹🇷 Persians · Türkiye
679
+15
🇺🇸 Bohemians · United States
766
-37
🇺🇸 Berbers · United States
562
-9
castle_master
3:06 Loom
14:13 Feudal Age
16:25 Wheelbarrow
23:02 Horse Collar
23:11 Double-Bit Axe
26:11 Castle Age
26:20 Castle Age
25:10 Gold Mining
25:11 Stone Mining
25:37 Forging
25:27 Scale Mail Armor
27:23 Hand Cart
27:11 Heavy Plow
27:49 Gold Shaft Mining
27:50 Stone Shaft Mining
27:45 Arson
28:01 Squires
27:46 Gambesons
28:01 Pikeman
28:01 Man-at-Arms
30:16 Long Swordsman
31:50 Scale Barding Armor
35:37 Husbandry
38:14 Coinage
40:31 Kamandaran
46:09 Iron Casting
46:57 Caravan
52:24 Imperial Age
53:36 Cavalier
62:40 Banking
63:01 Guilds
64:09 Citadels
70:31 Blast Furnace
69:47 Chain Mail Armor
70:40 Elite War Elephant
73:34 Hoardings
72:30 Sappers
73:21 Conscription
73:45 Ballistics
73:27 Devotion
73:38 Fervor
73:44 Block Printing
74:07 Theocracy
86:35 Plate Mail Armor
86:26 Chain Barding Armor
86:12 Guard Tower
86:34 Masonry
87:33 Savar
91:40 Plate Barding Armor
97:58 Faith
98:10 Architecture
97:34 Heated Shot
98:51 Chemistry
nathanst1996
0:28 Loom
14:11 Feudal Age
14:49 Double-Bit Axe
14:48 Domestication
20:24 Castle Age
20:43 Forging
20:39 Scale Barding Armor
20:25 Fletching
20:36 Padded Archer Armor
21:29 Wheelbarrow
26:45 Iron Casting
26:32 Chain Barding Armor
27:40 Coinage
27:08 Bodkin Arrow
31:35 Scale Mail Armor
35:32 Husbandry
36:29 Bow Saw
39:13 Imperial Age
40:18 Thumb Ring
39:34 Crossbowman
39:35 Elite Skirmisher
40:13 Elite Steppe Lancer
42:43 Ordo Cavalry
43:34 Heavy Camel Rider
48:34 Conscription
53:49 Chain Mail Armor
53:51 Leather Archer Armor
53:23 Light Cavalry
55:09 Plate Mail Armor
54:41 Bracer
58:31 Pikeman
59:12 Squires
58:58 Arson
58:59 Gambesons
58:35 Man-at-Arms
62:03 Elite Liao Dao
62:49 Lamellar Armor
62:08 Elite Liao Dao
62:54 Lamellar Armor
66:27 Long Swordsman
68:12 Two-Handed Swordsman
92:30 Hand Cart
92:00 Town Watch
95:35 Capped Ram
98:45 Siege Ram
99:22 Gold Mining
100:58 Champion
Panchito_Monroy
12:33 Feudal Age
18:11 Castle Age
16:12 Double-Bit Axe
16:11 Horse Collar
18:10 Stone Mining
24:45 Heavy Plow
27:27 Wheelbarrow
28:00 Forging
28:09 Town Watch
28:10 Loom
29:15 Bloodlines
30:40 Scale Barding Armor
30:43 Husbandry
32:06 Gold Mining
37:48 Imperial Age
35:48 Hand Cart
35:34 Town Patrol
35:35 Fletching
36:54 Bow Saw
40:46 Chemistry
40:58 Hoardings
42:38 Siege Engineers
44:44 Murder Holes
44:26 Cavalier
45:45 Pikeman
56:30 Masonry
57:16 Squires
57:58 Iron Casting
57:43 Chain Barding Armor
62:37 Scale Mail Armor
63:38 Blast Furnace
63:14 Plate Barding Armor
70:07 Ballistics
72:03 Light Cavalry
87:22 Padded Archer Armor
88:56 Capped Ram
91:19 Hussar
91:56 Bodkin Arrow
Doongus
8:10 Loom
10:13 Feudal Age
11:43 Wheelbarrow
11:26 Town Watch
15:20 Double-Bit Axe
15:17 Horse Collar
20:14 Castle Age
21:36 Heavy Plow
21:52 Bow Saw
22:36 Husbandry
21:59 Light Cavalry
22:23 Elite Skirmisher
24:36 Hand Cart
24:54 Town Patrol
29:28 Chemistry
28:49 Ballistics
28:25 Murder Holes
29:37 Guard Tower
29:59 Masonry
31:17 Fervor
34:45 Wagenburg Tactics
35:20 Forging
35:00 Fletching
35:11 Padded Archer Armor
35:11 Scale Mail Armor
35:18 Scale Barding Armor
36:11 Squires
35:57 Pikeman
38:53 Fortified Wall
38:30 Pikeman
44:26 Imperial Age
43:18 Arson
45:36 Iron Casting
44:57 Bodkin Arrow
45:17 Leather Archer Armor
45:18 Chain Mail Armor
45:23 Chain Barding Armor
45:57 Halberdier
48:06 Arrowslits
48:57 Keep
60:24 Two-Man Saw
61:21 Architecture
61:49 Bracer
63:43 Elite Hussite Wagon
64:31 Cavalier
69:15 Hussite Reforms
73:22 Caravan
77:46 Blast Furnace
77:17 Ring Archer Armor
77:18 Plate Mail Armor
89:42 Elite Genitour
91:39 Bombard Tower
91:28 Siege Engineers
93:15 Sanctity
92:56 Devotion
94:17 Plate Mail Armor
94:17 Ring Archer Armor
Connection lost

Rejoining the realm…

Still unreachable

The connection could not be restored.

Session expired

The server has moved on; the page needs a fresh start.